 Dungeon Crawl Stone Soup version 0.19-a0-1185-gacb3972 (webtiles) character file.

65 Ijustatesigmund the Chopper (level 3, 0/30 HPs)
             Began as a Demonspawn Berserker on Aug 18, 2016.
             Was a Follower of Trog.
             Slain by a gnoll
             ... wielding a +0 spear
              (3 damage)
             ... on level 2 of the Dungeon.
             The game lasted 00:02:59 (1064 turns).

Ijustatesigmund the Chopper (Demonspawn Berserker)  Turns: 1064, Time: 00:02:59

Health: 0/30       AC:  6    Str: 17    XL:     3   Next: 92%
Magic:  3/3        EV: 11    Int: 13    God:    Trog [*.....]
Gold:   134        SH:  0    Dex: 13    Spells: 0 memorised, 2 levels left

rFire  . . .     SeeInvis .     a - +0 hand axe
rCold  . . .     Gourm    .     f - +0 ring mail
rNeg   . . .     Faith    .     (no shield)
rPois  .         Spirit   .     (no helmet)
rElec  .         Dismiss  .     e - +0 cloak
rCorr  .         Reflect  .     (no gloves)
MR     .....     Harm     .     (no boots)
Stlth  +.........               (no amulet)
                                (no ring)
                                (no ring)

@: brilliant, flying
A: demonic guardian 1
a: Berserk, Burn Spellbooks, Renounce Religion


You were on level 2 of the Dungeon.
You worshipped Trog.
Trog was aware of your devotion.
You were near starving.

You visited 1 branch of the dungeon, and saw 2 of its levels.

You collected 134 gold pieces.

Inventory:

Hand Weapons
 a - a +0 hand axe (weapon)
Armour
 e - a +0 cloak (worn)
 f - a +0 ring mail (worn)
Scrolls
 g - a scroll of noise {unknown}
 i - a scroll of remove curse {unknown}
 j - a scroll of blinking {unknown}
 k - 2 scrolls of amnesia {unknown}
 l - a scroll of teleportation {unknown}
 m - a scroll of identify {unknown}
Potions
 b - 2 potions of flight
 d - a potion of magic {unknown}
 h - a potion of brilliance
Comestibles
 c - a bread ration


   Skills:
 + Level 3.7 Fighting
 * Level 3.9 Axes
 - Level 1.7 Armour
 - Level 1.7 Dodging


You had 2 spell levels left.
You didn't know any spells.

Dungeon Overview and Level Annotations

Branches:
Dungeon (2/15)

Altars:


Innate Abilities, Weirdness & Mutations

A weak demonic guardian rushes to your aid.


Message History

You fly up into the air.
The gnoll hits you from afar with a spear.
* * * LOW HITPOINT WARNING * * *
Your ufetubus hits the gnoll.
Your ufetubus barely misses the gnoll.
The gnoll hits you but does no damage.
You hit the gnoll.
The gnoll is severely wounded.
Your ufetubus barely misses the gnoll.
Your ufetubus hits the gnoll. The gnoll barely misses you.
Your ufetubus hits the gnoll.
The gnoll dies!
Trog accepts your kill.
Your ufetubus hits the gnoll.
Your ufetubus closely misses the gnoll.
The gnoll barely misses you.
Things that are here:
a club; a gnoll corpse You completely miss the gnoll.
The gnoll is lightly wounded.
Your ufetubus closely misses the gnoll.
Your ufetubus barely misses the gnoll.
The gnoll hits you with a spear.
You die...

#.♣.P.P♣P.♣♣.. ♣P§##########.#
#..♣P♣♣♣.♣...♣♣♣P............#
#......♣.P.♣..P♣§#......######
#.##....♣.♣.....♣.......#
#.#...♣♣♣.♣♣.#♣♣♣.####.##
#..♣♣.......#+#...# #.#
#.P..♣♣♣♣P.##.##♣.# #.#
#........♣.#.g5#♣♣# #.#
##♣♣♣.♣♣..♣##@##♣ #.#
#..P.♣.♣♣.♣#'#P♣♣ #.#
#♣.♣§§..♣♣.♣#.P.♣ #.#
#P§P♣....P.P♣.P# #.#
##§P§(.#..#....#
#♣.§#.##♣##.♣♣# #.##.# #.#
#..... ... ####### #####


You could see a gnoll and a friendly ufetubus.

Vanquished Creatures
  Ijyb (D:2)
  A dart slug (D:1)
  3 giant geckos (D:1)
  2 giant cockroaches (D:1)
  3 goblins (D:1)
  2 hobgoblins (D:1)
  2 jackals (D:1)
  2 kobolds (D:1)
  3 quokkas (D:2)
  A ball python (D:1)
  4 rats
24 creatures vanquished.

Vanquished Creatures (collateral kills)
  A gnoll (D:2)
1 creature vanquished.

Grand Total: 25 creatures vanquished

Notes
Turn   | Place    | Note
-------+----------+-------------------------------------------
     0 | D:1      | Ijustatesigmund the Demonspawn Berserker began the quest for the Orb.
     0 | D:1      | Reached XP level 1. HP: 18/18 MP: 1/1
    55 | D:1      | You fall through a shaft!
    82 | D:2      | Noticed Ijyb
    95 | D:2      | Killed Ijyb
    95 | D:2      | Gained mutation: A weak demonic guardian rushes to your aid. [demonic ancestry]
    95 | D:2      | Reached XP level 2. HP: 23/24 MP: 2/2
    95 | D:2      | Reached XP level 3. HP: 28/29 MP: 3/3
  1064 | D:2      | Slain by a gnoll

Vault maps used:
D:1:      evilmike_arrival_home_sweet_home
D:2:      wad_woods_tower, old_standard_altar, overflow_temple_1_default,
          uniq_iyjb

Skill      XL: |  1 |
---------------+----+-----
Axes           | 3 |  3.9
Fighting       | |  3.7
Armour         | |  1.7
Dodging        | |  1.7

Action                   || total
-------------------------++-------
Melee: Hand axe          ||    85
Invok: Berserk           ||     1
  Use: Potion            ||     2
Armor: Ring mail         ||    25
Dodge: Dodged            ||    52
